[Event "28th Bosnjaci Open 2024"]
[Site "Bosnjaci"]
[Date "2024.01.04"]
[Round "2.19"]
[White "Zadravec, Marin"]
[Black "Starcevic, Ante Leon"]
[Result "1/2-1/2"]
[ECO "B31"]
[WhiteElo "1915"]
[BlackElo "2209"]
[Annotator "RC"]
[PlyCount "118"]
[EventDate "2024.01.02"]
[EventType "swiss"]
[EventCountry "CRO"]
[SourceTitle "playchess.com"]
[Source "ChessBase"]
[SourceQuality "1"]
[TimeControl "5400+30"]

1. e4 c5 2. Nf3 Nc6 3. Bb5 g6 4. Bxc6 dxc6 5. d3 Bg7 6. Nc3 Nf6 7. h3 b6 8. Be3 O-O 9. Qd2 e5 10. Bh6 Qe7 11. Bxg7 Kxg7 12. O-O Bd7 13. Qe3 Nh5 14. Ne2 Rae8 15. Nd2 Qf6 16. Rab1 Nf4 17. Nxf4 exf4 18. Qe1 f3 19. Nxf3 Bxh3 20. Qc3 Bg4 21. Qxf6+ Kxf6 22. Nd2 Be6 23. a3 Rd8 24. Rfd1 a5 25. f3 Rd4 26. Kf2 Rfd8 27. Ke2 h5 28. Nf1 b5 29. Ne3 g5 30. g3 c4 31. Rd2 Ke5 32. Rh1 Rh8 33. dxc4 Rxd2+ 34. Kxd2 h4 35. cxb5 cxb5 36. Nf1 f5 37. gxh4 gxh4 38. Ke3 f4+ 39. Kf2 h3 40. Nd2 Kd4 41. Ke2 b4 42. Nb3+ Ke5 43. Nxa5 Rc8 44. Kd2 Rd8+ 45. Ke2 Rc8 46. Kd2 bxa3 47. bxa3 Rg8 48. Nc6+ Kd6 49. Nd4 Rg2+ 50. Kc3 Bd7 51. Nf5+ Bxf5 52. exf5 Rg3 53. Kd4 Rxf3 54. Ke4 Rxa3 55. Kxf4 Ke7 56. Ke5 Ra5+ 57. Ke4 Ra3 58. Kd4 Kf6 59. c3 Ra4+ 1/2-1/2

[Event "28th Bosnjaci Open 2024"]
[Site "Bosnjaci"]
[Date "2024.01.04"]
[Round "2.20"]
[White "Ljikar, Zoran"]
[Black "Pusara, Mihailo"]
[Result "1-0"]
[ECO "A36"]
[WhiteElo "2200"]
[BlackElo "1928"]
[Annotator "RC"]
[PlyCount "71"]
[EventDate "2024.01.02"]
[EventType "swiss"]
[EventCountry "CRO"]
[SourceTitle "playchess.com"]
[Source "ChessBase"]
[SourceQuality "1"]
[TimeControl "5400+30"]

1. e4 c5 2. c4 Nc6 3. Nc3 g6 4. g3 Bg7 5. Bg2 e6 6. Nge2 a6 7. O-O Nge7 8. d3 O-O 9. a3 Rb8 10. Rb1 b5 11. Be3 Nd4 12. b4 Nxe2+ 13. Nxe2 cxb4 14. axb4 Nc6 15. c5 Re8 16. d4 d5 17. Nc3 e5 18. exd5 Nxd4 19. d6 Bf5 20. Rb2 Be6 21. Nd5 Bxd5 22. Bxd5 Qd7 23. Bxd4 exd4 24. Ra2 Qa7 25. c6 Rbd8 26. d7 Re5 27. Qf3 Rf5 28. Qb3 Qb6 29. Kg2 Bf8 30. f4 Rf6 31. Rc1 Bd6 32. Qa3 d3 33. Qc3 Rf5 34. Be4 Bc7 35. Bxf5 gxf5 36. Qxd3 1-0

[Event "28th Bosnjaci Open 2024"]
[Site "Bosnjaci"]
[Date "2024.01.04"]
[Round "3.1"]
[White "Saric, Ante"]
[Black "Ljikar, Zoran"]
[Result "1-0"]
[ECO "B44"]
[WhiteElo "2508"]
[BlackElo "2200"]
[Annotator "TA"]
[PlyCount "77"]
[EventDate "2024.01.02"]
[EventType "swiss"]
[EventCountry "CRO"]
[SourceTitle "playchess.com"]
[Source "ChessBase"]
[SourceQuality "1"]
[TimeControl "5400+30"]

1. Nf3 c5 2. c4 Nc6 3. d4 cxd4 4. Nxd4 e6 5. Nc3 Nf6 6. e4 Bb4 7. Nxc6 bxc6 8. Bd3 e5 9. O-O Bc5 {[%emt 0:02:05] B44: Sicilian: Taimanov: 5 Nb5.} 10. h3 {[%emt 0:01:40] 10.Re1 is setting a new trend.} O-O 11. Re1 d6 {[%emt 0:00:34] The position is equal.} 12. Be3 Bd4 13. Bxd4 exd4 14. Na4 Nd7 {[%emt 0:00:43] [#]} 15. c5 $1 Nxc5 16. Nxc5 dxc5 {[%emt 0:00:01] [#]} 17. Qc2 $146 ({Predecessor:} 17. Qh5 Qb6 18. b3 a5 19. Rac1 a4 20. Qxc5 Qxc5 21. Rxc5 axb3 22. axb3 Be6 23. Bc4 Bxc4 24. Rxc4 {½-½ Artemiev,V (2698)-Alekseev,E (2573) Julius Baer Rapid Div 2 W 2023 (1.1)}) 17... Be6 18. Rec1 Qb6 19. b3 ({But not} 19. Qxc5 Qxb2 20. Rcb1 Qd2 $11) 19... c4 20. Bxc4 c5 21. Bxe6 $1 Qxe6 22. Qxc5 Qxe4 23. Re1 Qf4 24. Rad1 Rfd8 25. Rd3 g6 {[%emt 0:04:36] [#]} 26. Red1 {[%emt 0:02:25] White is much more active.} (26. Rf3 $142 $1 Qh6 27. Rd1) 26... Rac8 $16 27. Qxa7 Rc1 28. Qa5 (28. Qe7 {simplifies} Rxd1+ 29. Rxd1 Rc8 30. Qe1) 28... Rd6 (28... Rdc8 $16) 29. Qa8+ (29. Qd2 $18 Rxd1+ 30. Qxd1) 29... Kg7 30. Qf3 {[%emt 0:01:48] Repels Rdc6} (30. Qa4 {looks sharper.} Rc2 31. Rf3 Qe5 32. Qa7) 30... Rxd1+ (30... Qxf3 $14 31. gxf3 Rxd1+ 32. Rxd1 Kf6) 31. Rxd1 $14 {[%emt 0:02:04][%mdl 4096] Endgame KQR-KQR} (31. Qxd1 $142 Rd5 32. a4) 31... Qe5 ({Black should try} 31... Qxf3 32. gxf3 Kf6) 32. Qd3 $16 h5 {[%emt 0:00:38] [#] This move loses the game for Black.} (32... Qa5 $16) 33. b4 $1 $18 h4 34. a4 f5 $2 (34... Qd5 35. Ra1 Qc6) 35. a5 g5 36. a6 Kf6 37. a7 Qe8 38. Ra1 Qa8 39. Qf3 {[%emt 0:00:59] Weighted Error Value: White=0.15 (very precise) /Black=0.53} (39. Ra5 $142 Kg7 40. Qxf5 Rf6 41. Qe5 Kg6 42. Qxg5+ Kf7 43. Qh5+ Ke7 44. Qe5+ Kf7 45. Qh5+ Ke7 46. Qxh4) 1-0

[Event "28th Bosnjaci Open 2024"]
[Site "Bosnjaci"]
[Date "2024.01.04"]
[Round "3.2"]
[White "Sipic, Hrvoje"]
[Black "Zaja, Ivan"]
[Result "1/2-1/2"]
[ECO "C77"]
[WhiteElo "2185"]
[BlackElo "2419"]
[Annotator "RC"]
[PlyCount "138"]
[EventDate "2024.01.02"]
[EventType "swiss"]
[EventCountry "CRO"]
[SourceTitle "playchess.com"]
[Source "ChessBase"]
[SourceQuality "1"]
[TimeControl "5400+30"]

1. e4 e5 2. Nf3 Nc6 3. Bb5 a6 4. Ba4 Nf6 5. d3 b5 6. Bb3 Bc5 7. a4 Rb8 8. O-O O-O 9. axb5 axb5 10. Bg5 h6 11. Bh4 Be7 12. Nc3 d6 13. h3 g5 14. Nxg5 hxg5 15. Bxg5 Nd4 16. f4 Nxb3 17. cxb3 b4 18. Ne2 Nh7 19. Bh6 Re8 20. Qd2 d5 21. Rf3 Rb6 22. f5 Bf8 23. Be3 Ra6 24. Rxa6 Bxa6 25. Rg3+ Kh8 26. exd5 Bb7 27. Bg5 f6 28. Bh6 Bxh6 29. Qxh6 Rg8 30. Rg6 Qxd5 31. d4 exd4 32. Rxg8+ Kxg8 33. Qg6+ Kf8 34. Nf4 Qf7 35. Ne6+ Ke7 36. Qxf7+ Kxf7 37. Nd8+ Ke7 38. Nxb7 Ng5 39. Nc5 Kd6 40. Nd3 c5 41. Kf2 Ne4+ 42. Kf3 Nd2+ 43. Kf4 Nxb3 44. h4 c4 45. Nxb4 d3 46. Ke3 Ke5 47. g4 d2 48. Ke2 Kf4 49. h5 Kg5 50. Nd5 Nc5 51. Kxd2 Kxg4 52. h6 Ne4+ 53. Kc2 Ng5 54. Nxf6+ Kxf5 55. h7 Nf7 56. Nd5 Kg6 57. Kc3 Kxh7 58. Kxc4 Kg7 59. Kc5 Ne5 60. Nf4 Kf7 61. Kd5 Nd7 62. Kc6 Ne5+ 63. Kd5 Nd7 64. b4 Ke7 65. Ne6 Nf6+ 66. Ke5 Ng4+ 67. Kf4 Kxe6 68. Kxg4 Kd5 69. Kf4 Kc4 1/2-1/2

[Event "28th Bosnjaci Open 2024"]
[Site "Bosnjaci"]
[Date "2024.01.04"]
[Round "3.3"]
[White "Fercec, Nenad"]
[Black "Nomindalai Tumurbaatar"]
[Result "1-0"]
[ECO "B51"]
[WhiteElo "2410"]
[BlackElo "2166"]
[Annotator "RC"]
[PlyCount "103"]
[EventDate "2024.01.02"]
[EventType "swiss"]
[EventCountry "CRO"]
[SourceTitle "playchess.com"]
[Source "ChessBase"]
[SourceQuality "1"]
[TimeControl "5400+30"]

1. e4 c5 2. Nf3 d6 3. Bb5+ Nd7 4. c3 Ngf6 5. Qe2 a6 6. Ba4 Qc7 7. Bc2 g6 8. d4 Bg7 9. O-O e5 10. dxe5 Nxe5 11. Nxe5 dxe5 12. c4 O-O 13. Nc3 Re8 14. Ba4 Re6 15. Rd1 h6 16. Be3 Rd6 17. Rxd6 Qxd6 18. Rd1 Qf8 19. f3 Be6 20. Qf2 Rc8 21. b3 h5 22. Qd2 Kh7 23. h4 Rb8 24. Bg5 Bh6 25. Qd6 Qxd6 26. Rxd6 Ng8 27. Kf2 Bxg5 28. hxg5 Kg7 29. g3 Kf8 30. f4 exf4 31. gxf4 Ke7 32. e5 h4 33. Rb6 Kd8 34. Ne4 Kc7 35. Rd6 b5 36. Nxc5 Rb6 37. Nxa6+ Rxa6 38. Rxa6 bxa4 39. Rxa4 Kb7 40. Rb4+ Ka7 41. f5 Bxf5 42. c5 h3 43. c6 Bc8 44. e6 fxe6 45. Rf4 Kb8 46. Rf7 e5 47. Rg7 Be6 48. Kg3 Bd5 49. Kxh3 e4 50. Kg3 Kc8 51. Kf4 Kd8 52. Rd7+ 1-0

[Event "28th Bosnjaci Open 2024"]
[Site "Bosnjaci"]
[Date "2024.01.04"]
[Round "3.4"]
[White "Bosnjak, Nino"]
[Black "Kovacevic, Blazimir"]
[Result "0-1"]
[ECO "A92"]
[WhiteElo "2162"]
[BlackElo "2381"]
[Annotator "RC"]
[PlyCount "48"]
[EventDate "2024.01.02"]
[EventType "swiss"]
[EventCountry "CRO"]
[SourceTitle "playchess.com"]
[Source "ChessBase"]
[SourceQuality "1"]
[TimeControl "5400+30"]

1. d4 e6 2. Nf3 f5 3. g3 Nf6 4. Bg2 Be7 5. O-O d5 6. c4 Ne4 7. Nc3 c6 8. Qb3 Nd7 9. cxd5 exd5 10. h4 Bd6 11. Ng5 Ndf6 12. Rd1 Qe7 13. Nh3 Nh5 14. Bf3 Nef6 15. Bg5 Qf7 16. e3 h6 17. Bxf6 Nxf6 18. Qc2 g5 19. hxg5 hxg5 20. Bg2 Qg7 21. Re1 Kf8 22. f4 gxf4 23. Nxf4 Qxg3 24. Qf2 Rh1+ 0-1

[Event "28th Bosnjaci Open 2024"]
[Site "Bosnjaci"]
[Date "2024.01.04"]
[Round "3.5"]
[White "Vukovic, Nikola"]
[Black "Muratovic, Efim"]
[Result "0-1"]
[ECO "D37"]
[WhiteElo "2152"]
[BlackElo "2345"]
[Annotator "RC"]
[PlyCount "76"]
[EventDate "2024.01.02"]
[EventType "swiss"]
[EventCountry "CRO"]
[SourceTitle "playchess.com"]
[Source "ChessBase"]
[SourceQuality "1"]
[TimeControl "5400+30"]

1. d4 Nf6 2. Nf3 e6 3. c4 Bb4+ 4. Bd2 Be7 5. Nc3 d5 6. Bf4 O-O 7. e3 a6 8. c5 Nh5 9. Bd3 Nxf4 10. exf4 b6 11. b4 Nc6 12. a3 Bf6 13. Ne2 Bd7 14. O-O Ne7 15. Qc2 g6 16. Rac1 Qe8 17. Rfe1 a5 18. Nc3 axb4 19. axb4 Ra7 20. b5 bxc5 21. dxc5 Bxc3 22. Qxc3 Bxb5 23. Bxb5 Qxb5 24. Nd4 Qa5 25. Qe3 Qb4 26. Qe5 c6 27. g3 Ra2 28. Qf6 Qd2 29. Rf1 Re8 30. f5 gxf5 31. Rcd1 Qa5 32. Qg5+ Ng6 33. h4 Qd8 34. Qh6 Ne5 35. Rde1 Ng4 36. Qh5 Ra4 37. Nxc6 Qc7 38. Qg5+ Kf8 0-1

[Event "28th Bosnjaci Open 2024"]
[Site "Bosnjaci"]
[Date "2024.01.04"]
[Round "3.6"]
[White "Plenkovic, Zdenko"]
[Black "Vujnovic, Patricija"]
[Result "1-0"]
[ECO "D02"]
[WhiteElo "2335"]
[BlackElo "2104"]
[Annotator "RC"]
[PlyCount "101"]
[EventDate "2024.01.02"]
[EventType "swiss"]
[EventCountry "CRO"]
[SourceTitle "playchess.com"]
[Source "ChessBase"]
[SourceQuality "1"]
[TimeControl "5400+30"]

1. g3 d5 2. Nf3 Nc6 3. d4 Bf5 4. c3 e6 5. Bg2 Nf6 6. Nbd2 h6 7. O-O Bd6 8. b4 Ne4 9. Qb3 a5 10. a3 axb4 11. cxb4 Nxb4 12. Nh4 Bh7 13. Qb2 Nxd2 14. Bxd2 Nc2 15. Ra2 Rxa3 16. e4 dxe4 17. d5 Rxa2 18. Qxa2 exd5 19. Qxc2 Be7 20. Qb2 O-O 21. Qxb7 Bxh4 22. gxh4 c5 23. Qc6 Qxh4 24. Qxc5 Qh5 25. Qd6 Re8 26. Bf4 Bg6 27. Rc1 Kh7 28. h3 Re6 29. Qd8 f6 30. Rc7 Re8 31. Qd7 Rg8 32. Kh2 Qf5 33. Bg3 h5 34. h4 Qxd7 35. Rxd7 Re8 36. Bf4 Rc8 37. Rxd5 Rc2 38. Be3 Rc7 39. Kg3 Re7 40. Kf4 Re8 41. Rc5 Re7 42. Rc4 Re5 43. Bh3 Rb5 44. Rc5 Rb4 45. Bg2 Kg8 46. Rd5 Kf7 47. Rd7+ Kg8 48. Bh3 Rb5 49. Be6+ Kf8 50. Rc7 Ra5 51. Bc5+ 1-0

[Event "28th Bosnjaci Open 2024"]
[Site "Bosnjaci"]
[Date "2024.01.04"]
[Round "3.7"]
[White "Hadzovic, Amir"]
[Black "Matic, Zeljko"]
[Result "1-0"]
[ECO "B01"]
[WhiteElo "2307"]
[BlackElo "2077"]
[Annotator "RC"]
[PlyCount "69"]
[EventDate "2024.01.02"]
[EventType "swiss"]
[EventCountry "CRO"]
[SourceTitle "playchess.com"]
[Source "ChessBase"]
[SourceQuality "1"]
[TimeControl "5400+30"]

1. e4 d5 2. exd5 Qxd5 3. Nc3 Qd6 4. d4 Nf6 5. Nf3 a6 6. g3 Bg4 7. Bg2 Nc6 8. O-O O-O-O 9. d5 Nb4 10. Bf4 Qc5 11. Be3 Qc4 12. h3 Nbxd5 13. Nxd5 Nxd5 14. b3 Qc3 15. Bd2 Bxf3 16. Bxf3 Qf6 17. Bg2 e6 18. c4 Nb6 19. Qe2 Bc5 20. b4 Bd4 21. Rac1 Qf5 22. g4 Qe5 23. Qf3 c6 24. b5 Qf6 25. Qb3 Bc5 26. Ba5 Qd4 27. bxc6 bxc6 28. Rb1 Kc7 29. Qf3 Rd6 30. Bc3 Qd3 31. Qxf7+ Rd7 32. Qxe6 Bd6 33. Ba5 Rb8 34. c5 Bxc5 35. Qxc6+ 1-0

[Event "28th Bosnjaci Open 2024"]
[Site "Bosnjaci"]
[Date "2024.01.04"]
[Round "3.8"]
[White "Damjanovic, Stjepan"]
[Black "Sajin, Mirko"]
[Result "0-1"]
[ECO "B36"]
[WhiteElo "2149"]
[BlackElo "2299"]
[Annotator "RC"]
[PlyCount "60"]
[EventDate "2024.01.02"]
[EventType "swiss"]
[EventCountry "CRO"]
[SourceTitle "playchess.com"]
[Source "ChessBase"]
[SourceQuality "1"]
[TimeControl "5400+30"]

1. e4 c5 2. Nf3 g6 3. d4 cxd4 4. Nxd4 Nc6 5. c4 Nf6 6. Nc3 d6 7. Be2 Nxd4 8. Qxd4 Bg7 9. Be3 O-O 10. Qd2 a5 11. O-O a4 12. Rac1 Qa5 13. Rfd1 Be6 14. f3 Rfc8 15. Nb5 Nd7 16. f4 Nc5 17. Qc2 Bd7 18. Nd4 Ne6 19. Nf3 Bc6 20. Rf1 Nc5 21. Nd2 Qb4 22. Rb1 a3 23. Bg4 Rd8 24. f5 axb2 25. Bg5 Rxa2 26. Bxe7 Ba4 27. Nb3 Bxb3 28. Qf2 Qxc4 29. fxg6 hxg6 30. Kh1 Re8 0-1

[Event "28th Bosnjaci Open 2024"]
[Site "Bosnjaci"]
[Date "2024.01.04"]
[Round "3.9"]
[White "Alimpic, Aleksa"]
[Black "Pehar, Borna"]
[Result "1-0"]
[ECO "A45"]
[WhiteElo "2282"]
[BlackElo "1906"]
[Annotator "RC"]
[PlyCount "75"]
[EventDate "2024.01.02"]
[EventType "swiss"]
[EventCountry "CRO"]
[SourceTitle "playchess.com"]
[Source "ChessBase"]
[SourceQuality "1"]
[TimeControl "5400+30"]

1. d4 Nf6 2. Bg5 Ne4 3. Bf4 d5 4. e3 c5 5. Nd2 Nxd2 6. Qxd2 cxd4 7. exd4 Nc6 8. Nf3 Bf5 9. Ne5 e6 10. g4 Bg6 11. Bb5 Qb6 12. Bxc6+ bxc6 13. O-O-O Bb4 14. c3 Be7 15. h4 f6 16. Nxg6 hxg6 17. Qc2 f5 18. h5 gxh5 19. gxf5 Rf8 20. Rxh5 g6 21. fxg6 Rxf4 22. Rh8+ Rf8 23. g7 O-O-O 24. gxf8=Q Rxf8 25. Rxf8+ Bxf8 26. Qg6 Kd7 27. Re1 c5 28. Qf7+ Be7 29. dxc5 Qc6 30. f4 Kd8 31. Qxe6 Qxc5 32. Qxe7+ Qxe7 33. Rxe7 Kxe7 34. Kd2 Ke6 35. Ke3 Kf5 36. Kd4 Ke6 37. f5+ Kd6 38. b4 1-0

[Event "28th Bosnjaci Open 2024"]
[Site "Bosnjaci"]
[Date "2024.01.04"]
[Round "3.11"]
[White "Simunic, Krunoslav"]
[Black "Milovic, Jovan"]
[Result "0-1"]
[ECO "A43"]
[WhiteElo "1906"]
[BlackElo "2223"]
[Annotator "RC"]
[PlyCount "64"]
[EventDate "2024.01.02"]
[EventType "swiss"]
[EventCountry "CRO"]
[SourceTitle "playchess.com"]
[Source "ChessBase"]
[SourceQuality "1"]
[TimeControl "5400+30"]

1. d4 c5 2. d5 e6 3. c4 Bd6 4. Nc3 Be5 5. Qc2 d6 6. Nf3 Bxc3+ 7. Qxc3 Nf6 8. Bg5 e5 9. h3 h6 10. Bxf6 Qxf6 11. Nd2 Qg6 12. e3 Na6 13. a3 f5 14. b4 O-O 15. Nb3 cxb4 16. axb4 f4 17. b5 Nc7 18. O-O-O b6 19. exf4 Rxf4 20. Qg3 Qf6 21. f3 Bf5 22. Qf2 Bg6 23. Be2 a5 24. g3 a4 25. Na1 Rd4 26. Nc2 Qf5 27. Nxd4 Qb1+ 28. Kd2 Qb4+ 29. Ke3 Qc3+ 30. Bd3 exd4+ 31. Ke2 Bxd3+ 32. Rxd3 Re8+ 0-1

[Event "28th Bosnjaci Open 2024"]
[Site "Bosnjaci"]
[Date "2024.01.04"]
[Round "3.12"]
[White "Jocev, Milan"]
[Black "Kejzar, Petra"]
[Result "1/2-1/2"]
[ECO "D00"]
[WhiteElo "2376"]
[BlackElo "2025"]
[Annotator "RC"]
[PlyCount "118"]
[EventDate "2024.01.02"]
[EventType "swiss"]
[EventCountry "CRO"]
[SourceTitle "playchess.com"]
[Source "ChessBase"]
[SourceQuality "1"]
[TimeControl "5400+30"]

1. d4 Nf6 2. Nc3 d5 3. Bf4 a6 4. e3 b5 5. Nf3 Bb7 6. Ne5 Nbd7 7. Qf3 e6 8. Bd3 c5 9. O-O c4 10. Be2 Be7 11. b3 Qa5 12. Nd1 Nxe5 13. Bxe5 Rc8 14. a3 cxb3 15. cxb3 Qd2 16. a4 b4 17. Bxf6 Bxf6 18. Bc4 Rc7 19. Qe2 Qxe2 20. Bxe2 Ke7 21. Bd3 e5 22. dxe5 Bxe5 23. Rb1 Rhc8 24. Bf5 Rd8 25. Re1 g6 26. Bd3 f5 27. f4 Bd6 28. Nf2 Rc3 29. Kf1 Kf8 30. g3 Re8 31. Rec1 Rxc1+ 32. Rxc1 Rxe3 33. Re1 Rxe1+ 34. Kxe1 Bc5 35. Nd1 a5 36. Ke2 Bc8 37. Ne3 Be6 38. Nf1 Ke7 39. Nd2 Bd4 40. Nf3 Bc3 41. Bc2 Kd6 42. Bd3 Kc5 43. Bc2 Bf6 44. Bd3 d4 45. Nd2 Bd8 46. Bc4 Bd5 47. Bxd5 Kxd5 48. Nc4 Ke4 49. Nd2+ Kd5 50. Nc4 g5 51. fxg5 Bxg5 52. Nxa5 Ke4 53. Nc6 d3+ 54. Kd1 f4 55. gxf4 Bxf4 56. h3 Bd6 57. Kd2 Bf4+ 58. Kd1 Bd6 59. Kd2 Bf4+ 1/2-1/2

[Event "28th Bosnjaci Open 2024"]
[Site "Bosnjaci"]
[Date "2024.01.04"]
[Round "3.13"]
[White "Valkovic, Kristian"]
[Black "Zufic, Miroslav"]
[Result "0-1"]
[ECO "A46"]
[WhiteElo "2026"]
[BlackElo "2354"]
[Annotator "RC"]
[PlyCount "60"]
[EventDate "2024.01.02"]
[EventType "swiss"]
[EventCountry "CRO"]
[SourceTitle "playchess.com"]
[Source "ChessBase"]
[SourceQuality "1"]
[TimeControl "5400+30"]

1. d4 Nf6 2. Nf3 c5 3. c3 Qa5 4. dxc5 Qxc5 5. g3 b6 6. Bg2 Bb7 7. O-O d6 8. Nbd2 Nbd7 9. Qc2 g6 10. e4 Bg7 11. Re1 O-O 12. Nf1 Rac8 13. h3 Qc7 14. N3d2 b5 15. Ne3 e6 16. Qd1 Nc5 17. Nc2 Nd3 18. Re3 Nxc1 19. Rxc1 Bh6 20. f4 e5 21. Qf3 d5 22. fxe5 Nxe4 23. Nxe4 dxe4 24. Qf6 Rce8 25. Rd1 Rxe5 26. Re2 Re6 27. Qh4 Qc5+ 28. Kh2 Bg5 29. Qg4 h5 30. b4 Qe5 0-1

[Event "28th Bosnjaci Open 2024"]
[Site "Bosnjaci"]
[Date "2024.01.04"]
[Round "3.14"]
[White "Culum, Sanjin"]
[Black "Pestek, Elvis"]
[Result "1-0"]
[ECO "C45"]
[WhiteElo "2349"]
[BlackElo "1983"]
[Annotator "RC"]
[PlyCount "77"]
[EventDate "2024.01.02"]
[EventType "swiss"]
[EventCountry "CRO"]
[SourceTitle "playchess.com"]
[Source "ChessBase"]
[SourceQuality "1"]
[TimeControl "5400+30"]

1. e4 e5 2. Nf3 Nc6 3. d4 exd4 4. Nxd4 Bc5 5. Nb3 Bb6 6. Nc3 d6 7. Bf4 Be6 8. Qd2 Nge7 9. O-O-O Ng6 10. Bg5 f6 11. Be3 Qd7 12. f4 Bxb3 13. axb3 Bxe3 14. Qxe3 O-O-O 15. Be2 Kb8 16. Qg3 Nb4 17. h4 a6 18. h5 Nf8 19. Rd2 Qe7 20. Re1 Nd7 21. Bf3 Rhe8 22. Rde2 Qf7 23. Kb1 Rg8 24. Nd5 Nc6 25. Rd2 g5 26. hxg6 hxg6 27. Be2 g5 28. Qc3 Nc5 29. Bc4 Qg7 30. b4 Na4 31. Qa3 b5 32. Bb3 Kb7 33. Bxa4 bxa4 34. Qxa4 Na7 35. Qb3 Rge8 36. Qf3 g4 37. Qd3 c6 38. Ne3 Nb5 39. c4 1-0

[Event "28th Bosnjaci Open 2024"]
[Site "Bosnjaci"]
[Date "2024.01.04"]
[Round "3.15"]
[White "Jovic, Stevan"]
[Black "Biti, Ozren"]
[Result "0-1"]
[ECO "A41"]
[WhiteElo "1993"]
[BlackElo "2308"]
[Annotator "RC"]
[PlyCount "87"]
[EventDate "2024.01.02"]
[EventType "swiss"]
[EventCountry "CRO"]
[SourceTitle "playchess.com"]
[Source "ChessBase"]
[SourceQuality "1"]
[TimeControl "5400+30"]

1. d4 d6 2. Nf3 g6 3. c4 Bg7 4. Nc3 e5 5. dxe5 dxe5 6. Qxd8+ Kxd8 7. Bg5+ f6 8. O-O-O+ Ke8 9. Bd2 Be6 10. Nb5 Na6 11. e3 Nh6 12. h3 Nf7 13. b3 c6 14. Nc3 Bf8 15. Bd3 Rd8 16. Bc2 Nb4 17. Bb1 Nd3+ 18. Bxd3 Rxd3 19. Ne4 Be7 20. Bc3 f5 21. Rxd3 fxe4 22. Nxe5 exd3 23. Nxf7 Rf8 24. Ne5 Rxf2 25. Nxd3 Ba3+ 26. Kd1 Rxa2 27. g4 b5 28. Ne5 Bb4 29. Be1 bxc4 30. bxc4 Bd6 31. Bc3 Bb4 32. Be1 Ra5 33. Nd3 Ra1+ 34. Kc2 Bxe1 35. Rxe1 Rxe1 36. Nxe1 Bxc4 37. Nf3 Bd5 38. Ne5 g5 39. Kc3 a5 40. Nd3 Ke7 41. Ne1 Kd6 42. Kd3 Ke5 43. Kc3 Be4 44. Kc4 0-1

[Event "28th Bosnjaci Open 2024"]
[Site "Bosnjaci"]
[Date "2024.01.04"]
[Round "3.16"]
[White "Cupic, Lovro"]
[Black "Tomas, Ante"]
[Result "1/2-1/2"]
[ECO "B12"]
[WhiteElo "2265"]
[BlackElo "2014"]
[Annotator "RC"]
[PlyCount "101"]
[EventDate "2024.01.02"]
[EventType "swiss"]
[EventCountry "CRO"]
[SourceTitle "playchess.com"]
[Source "ChessBase"]
[SourceQuality "1"]
[TimeControl "5400+30"]

1. e4 c6 2. d4 d5 3. e5 Bf5 4. h4 h6 5. g4 Be4 6. f3 Bh7 7. e6 Qd6 8. exf7+ Kxf7 9. Bd3 Qg3+ 10. Kf1 Nd7 11. Bxh7 Rxh7 12. Qd3 Ngf6 13. Ne2 Qc7 14. h5 e5 15. Qg6+ Kg8 16. Nbc3 Re8 17. Be3 c5 18. Bf2 exd4 19. Nxd5 Qc6 20. c4 Nxd5 21. Qxe8 N5f6 22. Qg6 Qxf3 23. Rh4 Ne5 24. Qf5 Nfxg4 25. Qxf3 Nxf3 26. Rh3 Nd2+ 27. Kg2 Bd6 28. Bg3 Ne3+ 29. Kg1 Bxg3 30. Rxg3 Rh8 31. b3 Kh7 32. Nf4 Ne4 33. Rg6 Nf6 34. Kh1 Nf5 35. Rgg1 Re8 36. Rge1 Ne3 37. Ng2 Nfg4 38. Nxe3 Nxe3 39. Re2 Re5 40. Rh2 Ng4 41. Rh4 Nf6 42. b4 b6 43. bxc5 bxc5 44. Kg2 Nxh5 45. Rb1 Nf6 46. Rb5 Rg5+ 47. Kf3 Kg6 48. Ra5 Rf5+ 49. Rf4 Re5 50. Rxd4 Kf5 51. Rf4+ 1/2-1/2

[Event "28th Bosnjaci Open 2024"]
[Site "Bosnjaci"]
[Date "2024.01.04"]
[Round "3.17"]
[White "Petricevic, Mateo"]
[Black "Pavic, Filip"]
[Result "0-1"]
[ECO "A56"]
[WhiteElo "2019"]
[BlackElo "2261"]
[Annotator "RC"]
[PlyCount "76"]
[EventDate "2024.01.02"]
[EventType "swiss"]
[EventCountry "CRO"]
[SourceTitle "playchess.com"]
[Source "ChessBase"]
[SourceQuality "1"]
[TimeControl "5400+30"]

1. d4 Nf6 2. c4 c5 3. d5 e5 4. Nc3 d6 5. e4 Be7 6. Bd3 O-O 7. Nge2 Nh5 8. h3 Bg5 9. g4 Nf4 10. Nxf4 Bxf4 11. Qf3 Bxc1 12. Rxc1 Nd7 13. O-O Re8 14. Qg3 g5 15. Nd1 Nf8 16. Ne3 Ng6 17. Ng2 Bd7 18. f3 a6 19. Qe1 b5 20. Qd2 Rb8 21. Rb1 Kg7 22. Kf2 Rh8 23. Rh1 h5 24. b3 Qf6 25. Ke2 Rh7 26. Rbg1 Rbh8 27. Qe1 hxg4 28. hxg4 Nf4+ 29. Nxf4 exf4 30. Rxh7+ Rxh7 31. Rg2 Qd4 32. Qc1 Rh1 33. Qd2 Qa1 34. Rf2 bxc4 35. bxc4 Ba4 36. Bc2 Bxc2 37. Qxc2 Qe1+ 38. Kd3 Qe3# 0-1

[Event "28th Bosnjaci Open 2024"]
[Site "Bosnjaci"]
[Date "2024.01.04"]
[Round "3.18"]
[White "Cvitan, Ena"]
[Black "Grgantov, Marin"]
[Result "1-0"]
[ECO "D02"]
[WhiteElo "2242"]
[BlackElo "1973"]
[Annotator "RC"]
[PlyCount "43"]
[EventDate "2024.01.02"]
[EventType "swiss"]
[EventCountry "CRO"]
[SourceTitle "playchess.com"]
[Source "ChessBase"]
[SourceQuality "1"]
[TimeControl "5400+30"]

1. d4 Nf6 2. Nf3 d5 3. Bf4 c5 4. e3 Nc6 5. Nbd2 cxd4 6. exd4 Bf5 7. Bb5 Qb6 8. c4 Bd7 9. O-O e6 10. a4 Nxd4 11. Bxd7+ Nxd7 12. cxd5 exd5 13. Nxd4 Qxd4 14. Re1+ Kd8 15. Qf3 Rc8 16. Be3 Qxb2 17. Qxd5 b6 18. Nc4 Qb3 19. Rad1 Rc7 20. Qa8+ Rc8 21. Qxa7 Rc7 22. Qb8+ 1-0

[Event "28th Bosnjaci Open 2024"]
[Site "Bosnjaci"]
[Date "2024.01.04"]
[Round "3.19"]
[White "Kukic, Lora"]
[Black "Bobanac, Miro"]
[Result "1/2-1/2"]
[ECO "B40"]
[WhiteElo "1945"]
[BlackElo "2238"]
[Annotator "RC"]
[PlyCount "119"]
[EventDate "2024.01.02"]
[EventType "swiss"]
[EventCountry "CRO"]
[SourceTitle "playchess.com"]
[Source "ChessBase"]
[SourceQuality "1"]
[TimeControl "5400+30"]

1. e4 c5 2. Nf3 e6 3. g3 Nc6 4. Bg2 Nf6 5. Qe2 Qc7 6. h3 d6 7. O-O Be7 8. c3 O-O 9. d4 e5 10. d5 Nb8 11. a4 Nbd7 12. Na3 a6 13. Bd2 Re8 14. g4 g6 15. b4 Bf8 16. Nh2 Bg7 17. Bf3 h6 18. h4 Nh7 19. Kh1 Qd8 20. Nc4 Bf8 21. h5 Qh4 22. Bg2 gxh5 23. gxh5 Ndf6 24. Bf3 cxb4 25. cxb4 Ng5 26. Rg1 Kh8 27. Bxg5 hxg5 28. Nb6 Bh3 29. Nxa8 Rxa8 30. Rg3 Bh6 31. Kg1 g4 32. Bxg4 Bxg4 33. Nxg4 Nxh5 34. Nxh6 Nxg3 35. Nxf7+ Kg7 36. fxg3 Qxg3+ 37. Qg2 Qxg2+ 38. Kxg2 Kxf7 39. Rc1 Kf6 40. Rc7 Kg5 41. Kf3 Rf8+ 42. Ke3 Rh8 43. Rg7+ Kf6 44. Rxb7 Rh3+ 45. Kf2 Kg5 46. Rb6 Rb3 47. Rxd6 Kf4 48. Rxa6 Rxb4 49. d6 Rd4 50. a5 Kxe4 51. Rb6 Kf5 52. a6 Ke6 53. Rb8 Ra4 54. Rb6 Ra3 55. Ke2 e4 56. Kd2 Kd7 57. Ke2 Ke6 58. Kd2 Kd7 59. Ke2 Ke6 60. Kd2 1/2-1/2